 Dungeon Crawl Stone Soup version 0.27-a0-1528-g90fbb72469 (webtiles) character file.

Game seed: 2762743483100946579

7984 Conn the Arsonist (level 11, 0/67 HPs)
             Began as an Octopode Fire Elementalist on July 11, 2021.
             Slain by a death yak (27 damage)
             ... on level 9 of the Dungeon.
             The game lasted 00:40:32 (14627 turns).

Conn the Arsonist (Octopode Fire Elementalist)     Turns: 14627, Time: 00:40:33

Health: 0/67       AC:  1    Str:  7    XL:     11   Next: 23%
Magic:  4/29       EV: 15    Int: 22    God:
Gold:   514        SH:  5    Dex: 18    Spells: 2/23 levels left

rFire    . . .     SeeInvis .   r - +3 mace (protect)
rCold    . . .     Faith    .   (no shield)
rNeg     + . .     Spirit   .   (helmet restricted)
rPois    .         Reflect  +   x - amulet of reflection
rElec    .         Harm     .   d - ring of magical power
rCorr    .         Rampage  .   j - ring of positive energy
Will     .....                  t - +6 ring of dexterity
Stlth    ++++......             (no ring)
HPRegen  0.21/turn              (no ring)
MPRegen  0.21/turn              (no ring)
                                (no ring)
                                (no ring)

@: about to teleport, slowed, very slow
A: almost no armour, amphibious, 8 rings, camouflage 1, gelatinous body 1,
(nimble swimmer 1), tentacles
a: no special abilities


You were on level 9 of the Dungeon.
You visited 2 branches of the dungeon, and saw 11 of its levels.
You also visited: Ossuary.

You collected 584 gold pieces.
You spent 70 gold pieces at shops.

Inventory:

Hand Weapons
 a - a +0 dagger
 f - a +0 short sword of venom
 r - a +3 mace of protection (weapon)
Missiles
 q - 2 throwing nets
 w - 35 poisoned darts
Armour
 o - a +2 buckler
Magical Staves
 c - a staff of air
 y - a staff of cold
Jewellery
 d - a ring of magical power (left tentacle)
 j - a ring of positive energy (right tentacle)
 t - a +6 ring of dexterity (on tentacle)
 x - an amulet of reflection (around mantle)
Wands
 n - a wand of charming (7)
 v - a wand of iceblast (9)
Scrolls
 b - 9 scrolls of magic mapping
 g - 5 scrolls of teleportation
 l - 2 scrolls of amnesia
 m - 14 scrolls of identify
 p - 5 scrolls of fog
Potions
 e - 2 potions of heal wounds
 h - 3 potions of attraction
 i - 5 potions of curing
 k - a potion of mutation
 s - a potion of cancellation
 u - 3 potions of ambrosia
 z - a potion of might {unknown}
 A - 2 potions of flight
 B - a potion of resistance {unknown}


   Skills:
 + Level 3.3 Fighting
 + Level 0.9 Short Blades
 - Level 4.3 Maces & Flails
 + Level 4.5 Dodging
 + Level 5.0 Stealth
 * Level 2.9 Shields
 + Level 6.5 Spellcasting
 * Level 7.8 Conjurations
 * Level 1.0 Transmutations
 * Level 9.4 Fire Magic
 + Level 5.5 Earth Magic
 + Level 0.4 Evocations


You had 2 spell levels left.
You knew the following spells:

 Your Spells              Type           Power      Damage    Failure   Level
a - Foxfire               Conj/Fire      100%       2x1d9     1%          1
b - Conjure Flame         Conj/Fire      45%        6-21      1%          3
c - Inner Flame           Hex/Fire       28%        N/A       3%          3
d - Sticky Flame          Conj/Fire      45%        2d6       2%          4
e - Fireball              Conj/Fire      22%        3d10      7%          5
f - Stone Arrow           Conj/Erth      72%        3d11      1%          3
g - Passwall              Tmut/Erth      17%        N/A       3%          2

Your spell library contained the following spells:

 Spells                   Type           Power      Damage    Failure   Level
 Sandblast                Erth           62%        2d14      1%          1
 Wereblood                Tmut           11%        N/A       9%          2
 Slow                     Hex            7%         N/A       13%         2
 Sublimation of Blood     Necr           3%         N/A       13%         2
 Confusing Touch          Hex            7%         N/A       26%         3
 Portal Projectile        Hex/Tloc       14%        N/A       26%         3
 Vampiric Draining        Necr           3%         2d6       26%         3
 Lee's Rapid Deconstruct  Erth           15%        3d11*     26%         5
 Blade Hands              Tmut           5%         N/A       83%         5
 Yara's Violent Unravell  Hex/Tmut       4%         3d4       89%         5
 Excruciating Wounds      Necr           3%         N/A       94%         5
 Summon Hydra             Summ           3%         N/A       100%        7
 Lehudib's Crystal Spear  Conj/Erth      18%        10d5      100%        8
 Animate Armour           Summ/Erth      Unusable   N/A       N/A         4

Dungeon Overview and Level Annotations

Branches:
Dungeon (10/15)            Temple (1/1) D:6            Lair (0/6) D:9
Ossuary (visited)
    Orc: D:9-12

Altars:
Cheibriados
Fedhas
Gozag
Hepliaklqana
Kikubaaqudgha
Nemelex Xobeh
Okawaru
Qazlal
Ru
Uskayaw
Vehumet
Wu Jian
Yredelemnul
Zin

Shops:
D:6 *   D:9 [


Innate Abilities, Weirdness & Mutations

You cannot wear most types of armour.
You are amphibious.
You can wear up to eight rings at the same time.
Your skin changes colour to match your surroundings (Stealth+).
Your rubbery body absorbs attacks. (AC +1, EV +1)
((You are camouflaged near water. (Stealth+)))
You have tentacles for arms and can constrict up to eight enemies at once.


Message History

You hit the troll.
Your weapon exudes an aura of protection.
You squeeze the troll.
The troll is severely wounded.
The troll burns! x2
The troll is engulfed in blazing flames.
You kill the troll!
The troll leather armour is intact enough to wear.
Okay, then.
Casting: Sticky Flame (dangerous; 2% risk of failure)
Confirm with . or Enter, or press ? or * to list all spells.
Okay, then.
Aiming: Charm
Press: ? - help, Shift-Dir - straight line, f - wraith
Aim: a wraith (chance to affect: 16%)
Okay, then.
Unknown command.
Unknown command.
Okay, then.
Okay, then.
The wraith closely misses you.
You climb upwards.
The death yak closely misses you. The death yak gores you.
* * * LOW HITPOINT WARNING * * *
There is a stone staircase leading down here.
The wraith hits you!
* * * LOW HITPOINT WARNING * * *
The wraith drains your vigour!
You feel yourself slow down.
Okay, then.
You feel much better. The death yak gores you!!
* * * LOW HITPOINT WARNING * * *
You block the wraith's attack.
Okay, then.
You feel much better. You block the death yak's attack. The wraith hits you.
The wraith drains your vigour!
You feel as though you will be slow longer.
The death yak gores you but does no damage.
The wraith closely misses you.
As you read the scroll of teleportation, it crumbles to dust.
You feel strangely unstable. The death yak gores you!!
You die...

.....######...# #.#####
..#.##....[...#############......
.....)...).......................
.........##########..............
.........# #...###########
.........# #...# .........# #...#
.........##########...#
...............Y@.....###########
...............W.................
.................############.###
.###############.# #.# )# #.# #.#
.###############.# #.#
.................############.###
.................................
.................................


You could see a death yak and a wraith.

Vanquished Creatures
  2 two-headed ogres
  2 death yaks (D:9)
  8 centaur zombies
  A troll (D:10)
  A hornet (D:9)
  Sigmund (D:6)
  2 wyverns (D:9)
  Edmund (D:6)
  An acid dragon (D:7)
  A water moccasin (D:8)
  5 orc warriors
  A hornet zombie (D:5)
  An ice beast (D:8)
  3 necrophages
  A black bear (D:6)
  A sky beast (D:8)
  A kobold brigand (D:8)
  2 phantoms
  4 centaurs
  A bullfrog (D:7)
  A wyvern zombie (D:7)
  A gnoll sergeant (D:8)
  7 scorpions
  4 wights (D:9)
  A human zombie (Ossuary)
  2 bullfrog zombies
  4 orc priests
  A bullfrog skeleton (D:3)
  3 hounds
  2 jellies (D:5)
  A scorpion zombie (Ossuary)
  7 iguanas
  12 orc wizards
  2 hell rats (D:9)
  4 mummies
  A howler monkey zombie (D:8)
  8 gnolls
  7 adders
  A howler monkey skeleton (D:7)
  3 river rats (D:9)
  A shadow imp (D:7)
  A white imp (D:5)
  An ufetubus (D:4)
  2 worms
  40 orcs
  2 bats (D:2)
  9 endoplasms
  3 giant cockroaches
  7 goblins
  6 hobgoblins
  5 jackals
  10 kobolds
  8 quokkas
  4 ball pythons
  3 frilled lizards (D:3)
  3 gnoll zombies (Ossuary)
  A goblin zombie (Ossuary)
  5 hobgoblin zombies (Ossuary)
  2 kobold zombies (Ossuary)
  3 orc zombies (Ossuary)
  A quokka zombie (D:3)
  5 rats
234 creatures vanquished.

Vanquished Creatures (collateral kills)
  A foxfire (D:1)
1 creature vanquished.

Vanquished Creatures (others)
  A scorpion (Ossuary)
  2 hobgoblin zombies (Ossuary)
  803 foxfires
806 creatures vanquished.

Grand Total: 1041 creatures vanquished

Notes
Turn   | Place    | Note
-------+----------+-------------------------------------------
     0 | D:1      | Conn the Octopode Fire Elementalist began the quest for the
                  | Orb.
     0 | D:1      | Reached XP level 1. HP: 11/11 MP: 3/3
   156 | D:1      | Reached XP level 2. HP: 10/17 MP: 1/5
   313 | D:1      | Found a faded altar of an unknown god.
  1182 | D:2      | Reached XP level 3. HP: 21/21 MP: 6/6
  1929 | D:3      | Reached skill level 4 in Fire Magic
  1929 | D:3      | Reached XP level 4. HP: 9/27 MP: 7/7
  2455 | D:3      | Reached XP level 5. HP: 32/32 MP: 8/8
  2778 | D:1      | Learned a level 3 spell: Conjure Flame
  2782 | D:1      | Learned a level 3 spell: Inner Flame
  3580 | D:2      | Reached skill level 1 in Fighting
  4218 | D:3      | Found a hide-covered altar of Uskayaw.
  4596 | D:4      | Reached XP level 6. HP: 28/38 MP: 10/10
  4814 | D:4      | Found a hazy altar of Hepliaklqana.
  4932 | D:5      | Entered Level 5 of the Dungeon
  5640 | D:4      | Reached skill level 5 in Fire Magic
  5859 | D:5      | Reached XP level 7. HP: 40/43 MP: 12/12
  6060 | D:5      | You fall into a shaft and drop 2 floors!
  6219 | D:7      | Found a snail-covered altar of Cheibriados.
  6263 | D:7      | Found an opulent altar of Gozag.
  6484 | D:7      | Reached skill level 1 in Maces & Flails
  6670 | D:7      | Reached XP level 8. HP: 41/50 MP: 14/14
  6689 | D:6      | Found a staircase to the Ecumenical Temple.
  6710 | D:6      | Reached skill level 6 in Fire Magic
  6716 | Temple   | Entered the Ecumenical Temple
  6830 | D:6      | Found a sand-covered staircase.
  6840 | Ossuary  | Entered an ossuary
  6897 | Ossuary  | Learned a level 4 spell: Sticky Flame
  6901 | Ossuary  | Learned a level 3 spell: Stone Arrow
  7106 | Ossuary  | HP: 1/50 [poisoned by a scorpion]
  7394 | Ossuary  | Reached skill level 1 in Earth Magic
  7403 | Ossuary  | Reached skill level 5 in Conjurations
  7607 | Ossuary  | Reached skill level 1 in Shields
  7793 | Ossuary  | Reached XP level 9. HP: 47/54 MP: 15/15
  8028 | D:6      | Found Otemuas's General Store.
  8034 | D:6      | Reached skill level 7 in Fire Magic
  8049 | D:6      | Bought a potion of heal wounds for 70 gold pieces
  8238 | D:6      | Noticed Edmund
  8254 | D:6      | Killed Edmund
  8400 | D:6      | Noticed Sigmund
  8405 | D:6      | Killed Sigmund
  8653 | D:6      | Noticed a two-headed ogre
  8668 | D:6      | Killed a two-headed ogre
  8669 | D:6      | Reached skill level 5 in Spellcasting
  9474 | D:5      | Reached XP level 10. HP: 59/62 MP: 17/17
  9868 | D:6      | Reached skill level 8 in Fire Magic
 11510 | D:8      | Reached skill level 5 in Earth Magic
 12665 | D:9      | Noticed a death yak
 12667 | D:9      | Noticed a death yak
 12846 | D:8      | Learned a level 5 spell: Fireball
 12910 | D:9      | Found a staircase to the Lair.
 12951 | D:9      | Noticed a death yak
 13306 | D:9      | Killed a death yak
 13639 | D:9      | Reached skill level 9 in Fire Magic
 13744 | D:9      | Found an iron altar of Okawaru.
 13750 | D:9      | Found Awubasof's Armour Shoppe.
 13753 | D:9      | Noticed a two-headed ogre
 13763 | D:9      | Killed a two-headed ogre
 13764 | D:9      | Reached XP level 11. HP: 67/67 MP: 10/20
 13802 | D:9      | Learned a level 2 spell: Passwall
 14028 | D:9      | Reached skill level 5 in Stealth
 14512 | D:9      | Killed a death yak
 14513 | D:9      | Reached skill level 1 in Transmutations
 14617 | D:10     | Entered Level 10 of the Dungeon
 14627 | D:9      | Slain by a death yak

Illustrated notes

Levels and vault maps discovered:
D:1:      erik_arrival_triangle_medium, layout_basic,
          shapermc_ecumenical_altar_acropolis
D:2:      cheibrodos_helix_gallery, layout_rooms, serial_corexii_hall,
          chequers_hall_statues_corner_a, corexii_hall_statues_deadend,
          chequers_hall_statues_wall_a, serial_bayou_crossing
D:3:      layout_loops_ring, mainiacjoe_overflow_alcove_1,
          kennysheep_generic_room_14
D:4:      layout_rooms, lemuel_tele_altar
D:5:      layout_loops_ring
D:6:      layout_basic, minmay_temple_entry_trees, gup_ossuary_entry_pyramid,
          serial_shops, nicolae_shop_trees, sigmund_edmund_badplayer
D:7:      nicolae_whirlpool, layout_loops_cross,
          mainiacjoe_overflow_small_starburst, grunt_gozag_statues,
          kennysheep_small_square
D:8:      layout_loops_ring, kennysheep_boxes
D:9:      layout_long_grid, okawaru_ov_weapons_minmay, dpeg_lair_monsters,
          serial_shops, shop
D:10:     cheibrodos_wizards_tower, layout_irregular_city,
          grunt_temple_overflow_open, serial_glass, glass_columns_a,
          glass_columns_a, grunt_ministairs_3, serial_bayou_ford_a,
          grunt_potential
Temple:   nicolae_temple_figure_zero

Skill      XL: |  1  2  3  4  5  6  7  8  9 10 11 |
---------------+----------------------------------+-----
Fire Magic     | 4 5 6 7 9 |  9.4
Stealth        | 3 4 5 |  5.0
Conjurations   | 2 3 4 5 6 7 |  7.8
Fighting       | 1 2 3 |  3.3
Spellcasting   | 3 4 5 6 |  6.5
Maces & Flails | 1 2 3 4 |  4.3
Dodging        | 3 4 |  4.5
Earth Magic    | 2 3 5 |  5.5
Shields        | 1 2 |  2.9
Transmutations | 1 |  1.0
Short Blades   | |  0.9
Evocations     | |  0.4

Action                   |  1- 3 |  4- 6 |  7- 9 | 10-12 || total
-------------------------+-------+-------+-------+-------++-------
Melee: Dagger            |    12 |       |       |       ||    12
       Constrict         |     5 |     8 |    22 |    15 ||    50
       Tentacles         |     4 |     8 |    20 |    12 ||    44
       Unarmed           |     1 |       |       |       ||     1
       Short sword       |     2 |     7 |       |       ||     9
       Mace              |       |    20 |   113 |    83 ||   216
 Cast: Foxfire           |    51 |   129 |   121 |   154 ||   455
       Conjure Flame     |       |     2 |     6 |    15 ||    23
       Sticky Flame      |       |       |    12 |    27 ||    39
       Stone Arrow       |       |       |     2 |     6 ||     8
       Inner Flame       |       |       |     1 |       ||     1
       Fireball          |       |       |       |    11 ||    11
Evoke: Wand              |       |     1 |     3 |       ||     4
  Use: Potion            |       |       |     6 |     4 ||    10
       Scroll            |       |       |    10 |     3 ||    13
 Stab: Sleeping          |     3 |     1 |     7 |     4 ||    15
       Distracted        |       |     1 |       |       ||     1
Armor: Skin              |     2 |     3 |    69 |    15 ||    89
Dodge: Dodged            |    18 |    41 |   102 |    87 ||   248
Block: Other             |       |     2 |    37 |    34 ||    73
       Reflection        |       |       |     2 |     1 ||     3

Table legend: (Time is in decaauts)
 A = Elapsed time spent in this place.
 B = Non-inter-level travel time spent in this place.
 C = Inter-level travel time spent in this place.
 D = Time resting spent in this place.
 E = Time spent auto-exploring this place.
 F = Levels seen in this place.
 G = Mean time per level.
                   A        B        C        D        E       F      G
               +--------+--------+--------+--------+--------+-----+--------+
         Total |  14700 |  14438 |    262 |   3129 |   7376 |  12 | 1225.0 |
       Dungeon |  13493 |  13231 |    262 |   2560 |   7273 |  10 | 1349.3 |
        Temple |     70 |     70 |      0 |      0 |      0 |   1 |   70.0 |
       Ossuary |   1136 |   1136 |      0 |    569 |    103 |   1 | 1136.0 |
               +--------+--------+--------+--------+--------+-----+--------+

Top non-repeatable levels by time:
     D:8: 2219 daAuts
     D:3: 1829 daAuts
     D:6: 1555 daAuts
     D:1: 1550 daAuts
     D:7: 1501 daAuts
     D:5: 1289 daAuts
     D:9: 1273 daAuts
     D:2: 1171 daAuts
 Ossuary: 1136 daAuts
     D:4: 1097 daAuts
  Temple: 70 daAuts
    D:10: 6 daAuts
